AoeStats
← DEEPSKY

Arena

510848122Analyzed
3v3 RM · 16h ago on Oct 2, 2026· 50m 47s· 6 players
Game mode
Random Map
Map size
Normal (6 player)
Population
200
Speed
Normal
Resources
Standard
Victory
Conquest
Starting age
Dark Age
Ending age
Imperial Age
RankedLock teamsTeams togetherTeam positionsShared explorationLock speedFull tech treeHidden civsTurbo modeCheats
Victory
Defeat
🇷🇺 Bohemians · Russia
1182
+14
🇳🇴 Romans · Norway
1112
+17
🇵🇪 Mongols · Peru
1100
+51
🇹🇼 Huns · Taiwan
1150
-17
🇨🇳 Khmer · China
1139
-16
🇹🇼 Wei · Taiwan
1130
-16
DEEPSKY
12:18 Feudal Age
15:33 Castle Age
13:49 Double-Bit Axe
13:51 Horse Collar
16:52 Bow Saw
17:21 Wheelbarrow
16:47 Heavy Plow
22:28 Elite Skirmisher
24:18 Bloodlines
24:09 Husbandry
37:34 Gold Mining
37:49 Fletching
37:59 Padded Archer Armor
41:09 Forging
41:05 Scale Barding Armor
40:55 Bodkin Arrow
45:27 Imperial Age
43:36 Iron Casting
43:21 Chain Barding Armor
42:57 Bodkin Arrow
44:32 Tusk Swords
46:32 Elite Battle Elephant
48:44 Chain Barding Armor
BooM
11:30 Feudal Age
12:50 Double-Bit Axe
15:47 Castle Age
17:28 Horse Collar
18:18 Bow Saw
23:05 Scale Barding Armor
24:22 Husbandry
24:32 Bloodlines
24:47 Gold Mining
25:29 Stone Mining
27:23 Wheelbarrow
27:18 Town Watch
28:28 Heavy Plow
30:25 Bloodlines
30:27 Forging
31:52 Iron Casting
34:04 Imperial Age
32:30 Hand Cart
32:17 Town Patrol
34:57 Gold Shaft Mining
35:39 Crop Rotation
36:16 Stone Shaft Mining
35:03 Man-at-Arms
35:24 Heavy Hei Guang Cavalry
37:15 Conscription
37:37 Ming Guang Armor
38:25 Hoardings
37:52 Tuntian
40:17 Blast Furnace
43:06 Light Cavalry
43:45 Onager
47:44 Hussar
吃了狗肉暖烘烘
11:01 Feudal Age
15:12 Castle Age
13:05 Double-Bit Axe
13:00 Horse Collar
13:37 Loom
21:43 Bow Saw
23:35 Scale Barding Armor
23:45 Bloodlines
24:09 Gold Mining
25:02 Heavy Plow
33:16 Imperial Age
31:12 Stone Mining
32:01 Wheelbarrow
33:46 Husbandry
34:53 Light Cavalry
37:02 Fletching
38:08 Conscription
38:41 Hussar
41:25 Chain Barding Armor
43:15 Hand Cart
47:34 Ballistics
mistaballista
8:29 Loom
11:05 Feudal Age
15:32 Castle Age
23:06 Pikeman
26:21 Double-Bit Axe
26:43 Horse Collar
28:54 Forging
28:47 Scale Mail Armor
29:48 Heavy Plow
30:43 Iron Casting
34:44 Imperial Age
32:56 Wheelbarrow
36:58 Blast Furnace
36:14 Chain Mail Armor
36:57 Halberdier
37:38 Squires
38:05 Bow Saw
40:11 Scale Barding Armor
39:38 Heavy Scorpion
43:23 Chemistry
42:44 Ballistics
49:50 Crop Rotation
49:39 Hand Cart
Tog Rulgay
10:45 Feudal Age
10:30 Loom
12:31 Loom
15:14 Castle Age
17:46 Wheelbarrow
18:17 Fervor
20:06 Double-Bit Axe
21:15 Horse Collar
23:09 Fletching
26:14 Hand Cart
26:05 Bodkin Arrow
26:52 Bow Saw
28:22 Chemistry
31:04 Imperial Age
29:15 Town Watch
29:43 Padded Archer Armor
30:07 Ballistics
29:43 Murder Holes
31:41 Wagenburg Tactics
32:39 Conscription
32:25 Bracer
34:02 Houfnice
34:45 Elite Hussite Wagon
37:58 Heavy Plow
39:00 Two-Man Saw
39:23 Leather Archer Armor
40:13 Town Patrol
42:53 Scale Barding Armor
42:58 Forging
43:19 Ring Archer Armor
42:50 Scale Mail Armor
42:57 Siege Engineers
43:03 Masonry
xXDangerXx
9:57 Feudal Age
11:06 Loom
14:59 Castle Age
13:20 Horse Collar
13:28 Double-Bit Axe
16:47 Town Watch
20:00 Bow Saw
19:53 Heavy Plow
22:18 Gold Mining
25:58 Wheelbarrow
25:58 Padded Archer Armor
26:05 Heavy Plow
25:58 Fletching
31:51 Leather Archer Armor
36:38 Imperial Age
35:10 Hand Cart
34:56 Bodkin Arrow
34:24 Pikeman
34:58 Stone Mining
36:06 Bloodlines
36:12 Squires
35:35 Light Cavalry
37:13 Husbandry
37:27 Forging
36:55 Capped Ram
37:13 Hussar
37:59 Bracer
38:14 Scale Barding Armor
39:21 Chemistry
38:58 Heavy Camel Rider
40:02 Chain Barding Armor
40:18 Iron Casting
40:26 Conscription
41:59 Elite Mangudai
43:54 Blast Furnace
42:58 Scale Mail Armor
45:21 Siege Ram
47:11 Chain Mail Armor
47:20 Ballistics
48:03 Parthian Tactics
50:25 Masonry
Connection lost

Rejoining the realm…

Still unreachable

The connection could not be restored.

Session expired

The server has moved on; the page needs a fresh start.